 Dungeon Crawl Stone Soup version 0.27-a0-522-g46bbb28828 (webtiles) character file.

Game seed: 10977450604602856673

518 ubloh the Poker (level 7, -3/61 HPs)
             Began as a Minotaur Gladiator on Mar 5, 2021.
             Slain by Menkaure (16 damage)
             ... on level 4 of the Dungeon on July 4, 2021.
             The game lasted 00:10:45 (3142 turns).

ubloh the Poker (Minotaur Gladiator)                Turns: 3142, Time: 00:10:47

Health: -3/61      AC: 16    Str: 20    XL:     7   Next: 1%
Magic:  6/6        EV:  7    Int: 11    God:
Gold:   174        SH:  0    Dex: 12    Spells: 6/6 levels left

rFire    . . .     SeeInvis .   a - +0 trident
rCold    . . .     Faith    .   (no shield)
rNeg     . . .     Spirit   .   i - +0 plate armour
rPois    .         Reflect  .   c - +0 hat
rElec    .         Harm     .   (no cloak)
rCorr    .         Rampage  .   q - +0 pair of gloves
Will     .....                  (no boots)
Stlth    ..........             (no amulet)
HPRegen  0.20/turn              e - +4 ring of protection
MPRegen  0.10/turn              n - +6 ring of intelligence

@: lethally poisoned (-3 -> -4)
A: horns 2, retaliatory headbutt
a: no special abilities


You were on level 4 of the Dungeon.
You visited 1 branch of the dungeon, and saw 4 of its levels.

You collected 174 gold pieces.

Inventory:

Hand Weapons
 a - a +0 trident (weapon)
Missiles
 d - 3 throwing nets (quivered)
Armour
 c - a +0 hat (worn)
 i - a +0 plate armour (worn)
 q - a +0 pair of gloves (worn)
Jewellery
 e - a +4 ring of protection (left hand)
 n - a +6 ring of intelligence (right hand)
 z - a +4 ring of protection
Wands
 o - a wand of charming (16)
 v - a wand of acid (7)
 y - a wand of iceblast (4)
Scrolls
 g - 5 scrolls of teleportation
 m - a scroll of magic mapping
 p - 2 scrolls of amnesia
 r - 2 scrolls of enchant armour
 s - 2 scrolls of enchant weapon
 u - a scroll of fog {unknown}
 w - a scroll of blinking {unknown}
Potions
 b - a potion of heal wounds
 f - a potion of attraction
 h - a potion of mutation {unknown}
 j - a potion of might {unknown}
 k - a potion of brilliance {unknown}
 l - 4 potions of curing
 t - 2 potions of invisibility {unknown}
 x - a potion of haste {unknown}


   Skills:
 + Level 5.0 Fighting
 * Level 7.4 Polearms
 - Level 2.0 Throwing
 + Level 2.9 Armour
 - Level 4.0 Dodging


You had 6 spell levels left.
You didn't know any spells.
Your spell library was empty.

Dungeon Overview and Level Annotations

Branches:
Dungeon (4/15)
 Temple: D:4-7

Altars:
Cheibriados
Dithmenos
Nemelex Xobeh
Okawaru
Ru
Xom
Yredelemnul
Zin

Annotations:
D:4 Menkaure


Innate Abilities, Weirdness & Mutations

You have a pair of horns on your head.
You reflexively headbutt those who attack you in melee.


Message History

You closely miss the adder. You headbutt the adder.
You kill the adder!
The centaur wields a +0 shortbow.
The centaur shoots an arrow.
The arrow hits you.
Menkaure calls on the powers of darkness!
The orc convulses!
The centaur convulses!
Your body is wracked with pain!
* * * LOW HITPOINT WARNING * * *
The centaur unwields a +0 shortbow.
The centaur barely misses you.
Menkaure calls on the powers of darkness!
The orc convulses!
The centaur convulses!
Your body is wracked with pain!
* * * LOW HITPOINT WARNING * * *
The centaur hits you but does no damage.
You see here an adder corpse.
Reach: a) +0 trident
Press: ? - help, Dir - move target, f - Menkaure
Aim: Menkaure (fast, about 26% to evade your +0 trident)
The centaur is in the way.
Your plate armour prevents you from hitting the centaur.
The centaur is severely wounded.
The centaur hits you but does no damage.
Reach: a) +0 trident
Press: ? - help, Dir - move target, f/p - Menkaure
Aim: Menkaure (fast, about 26% to evade your +0 trident)
You reach to attack!
You hit Menkaure but do no damage.
You feel sick. The centaur hits you.
* * * LOW HITPOINT WARNING * * *
Reach: a) +0 trident
Press: ? - help, Dir - move target, f/p - Menkaure
Aim: Menkaure (fast, about 26% to evade your +0 trident)
The centaur is in the way.
You puncture the centaur!
You kill the centaur!
Your Fighting skill increases to level 5!
You have reached level 7!
Aiming: Corrosive Bolt
Press: ? - help, Shift-Dir - straight line, f/p - Menkaure
Aim: Menkaure (fast, 14% to evade)
The bolt of acid hits Menkaure!
Menkaure is splashed with acid.
Menkaure is heavily damaged.
The bolt of acid misses the orc.
Menkaure hits you!
You die...

*,*,**#.######.#
#.#.###........#####
#.........^.........
#........###########
#......,,*#.........
*.....,,,*#.########
*,.o.,,,,*#.#
**#M#*****#.# #@#
#.# #.# #.# #.# #.#
#.# #####.# #.#
#...#.# #.# #...#.#
#.###...#.#
#....(....#
#.###..>###


You could see Menkaure (fast) and an orc.

Vanquished Creatures
  An ogre (D:4)
  A centaur (D:4)
  A phantom (D:2)
  A howler monkey (D:3)
  Ijyb (D:4)
  A worker ant (D:4)
  3 orc wizards
  7 adders
  An ooze (D:1)
  4 worms
  A dart slug (D:3)
  7 leopard geckos
  12 orcs
  9 hobgoblins
  7 jackals (D:1)
  4 kobolds
  2 bats (D:1)
  3 frilled lizards
  8 goblins
  12 rats
86 creatures vanquished.

Notes
Turn   | Place    | Note
-------+----------+-------------------------------------------
     0 | D:1      | ubloh the Minotaur Gladiator began the quest for the Orb.
     0 | D:1      | Reached XP level 1. HP: 18/18 MP: 0/0
    84 | D:1      | Reached skill level 4 in Polearms
   113 | D:1      | Reached XP level 2. HP: 25/25 MP: 1/1
   286 | D:1      | Reached skill level 3 in Fighting
   288 | D:1      | Reached XP level 3. HP: 29/31 MP: 2/2
   743 | D:2      | Found an iron altar of Okawaru.
  1119 | D:2      | Noticed a phantom
  1133 | D:2      | Killed a phantom
  1134 | D:2      | Reached skill level 5 in Polearms
  1134 | D:2      | Reached skill level 4 in Dodging
  1134 | D:2      | Reached XP level 4. HP: 25/40 MP: 3/3
  1253 | D:2      | Reached XP level 5. HP: 46/46 MP: 4/4
  1518 | D:3      | Found a snail-covered altar of Cheibriados.
  1527 | D:3      | Reached skill level 4 in Fighting
  1527 | D:3      | Reached skill level 6 in Polearms
  1527 | D:3      | Reached skill level 1 in Armour
  1540 | D:3      | Found a sparkling altar of Nemelex Xobeh.
  1540 | D:3      | Found a basalt altar of Yredelemnul.
  1703 | D:3      | Found a sacrificial altar of Ru.
  1707 | D:3      | Found a glowing silver altar of Zin.
  1751 | D:3      | Reached XP level 6. HP: 50/52 MP: 5/5
  2147 | D:3      | Reached skill level 2 in Armour
  2471 | D:4      | Found a shimmering altar of Xom.
  2606 | D:4      | Found a shadowy altar of Dithmenos.
  2635 | D:4      | Reached skill level 7 in Polearms
  2766 | D:4      | Noticed Ijyb
  2776 | D:4      | Killed Ijyb
  3127 | D:4      | Noticed Menkaure
  3142 | D:4      | Reached skill level 5 in Fighting
  3142 | D:4      | Reached XP level 7. HP: 13/61 MP: 6/6
  3142 | D:4      | Slain by Menkaure

Illustrated notes

Levels and vault maps discovered:
D:1:      minmay_arrival_radiant_lines, layout_basic
D:2:      layout_basic, okawaru_gym_becter
D:3:      layout_loops_cross, grunt_temple_overflow_open
D:4:      layout_basic, kennysheep_little_box, xom_teletrap_fun, uniq_menkaure,
          uniq_ijyb

Skill      XL: |  1  2  3  4  5  6 |
---------------+-------------------+-----
Polearms       | 4 5 6 7 |  7.4
Fighting       | 3 4 5 |  5.0
Dodging        | 4 |  4.0
Armour         | 1 2 |  2.9
Throwing       | |  2.0

Action                   |  1- 3 |  4- 6 |  7- 9 || total
-------------------------+-------+-------+-------++-------
Melee: Trident           |   107 |   169 |       ||   276
       Headbutt          |    16 |    19 |       ||    35
Evoke: Wand              |       |       |     1 ||     1
  Use: Scroll            |       |     9 |       ||     9
Armor: Leather armour    |    14 |       |       ||    14
       Plate armour      |    44 |   106 |       ||   150
Dodge: Dodged            |    25 |    41 |       ||    66

Table legend: (Time is in decaauts)
 A = Elapsed time spent in this place.
 B = Non-inter-level travel time spent in this place.
 C = Inter-level travel time spent in this place.
 D = Time resting spent in this place.
 E = Time spent auto-exploring this place.
 F = Levels seen in this place.
 G = Mean time per level.
                   A        B        C        D        E       F      G
               +--------+--------+--------+--------+--------+-----+--------+
         Total |   3144 |   3040 |    104 |    241 |   2141 |   4 |  786.0 |
       Dungeon |   3144 |   3040 |    104 |    241 |   2141 |   4 |  786.0 |
               +--------+--------+--------+--------+--------+-----+--------+

Top non-repeatable levels by time:
     D:3: 863 daAuts
     D:2: 778 daAuts
     D:4: 754 daAuts
     D:1: 748 daAuts
